 Dungeon Crawl Stone Soup version 0.30-a0-755-g0b50240ab4 (webtiles) character file.

Game seed: 15902657026450614444

57794 Ijustatesigmund the Eclecticist (level 14, -10/82 HPs)
             Began as a Deep Elf Hedge Wizard on Feb 9, 2023.
             Was an Elder of Vehumet.
             Mangled by a cane toad (19 damage)
             ... on level 1 of the Lair of Beasts.
             The game lasted 01:05:36 (21307 turns).

Ijustatesigmund the Eclecticist (DEHW)             Turns: 21307, Time: 01:05:37

Health: -10/82     AC: 13    Str:  7    XL:     14   Next: 47%
Magic:  35/35      EV: 18    Int: 31    God:    Vehumet [****..]
Gold:   599        SH:  0    Dex: 19    Spells: 10/43 levels left

rFire   . . .      SeeInvis .    b - +9 demon blade (flame)
rCold   . . .      Faith    .    (no shield)
rNeg    . . .      Spirit   .    B - +0 steam dragon scales
rPois   .          Reflect  .    c - +1 hat
rElec   .          Harm     .    j - +0 cloak
rCorr   .          Rampage  .    o - +1 pair of gloves
Will    +....                    (no boots)
Stlth   ++                       n - amulet of the acrobat
HPRegen 0.33/turn                w - +4 ring of protection
MPRegen 0.24/turn                u - ring "Solot" {Int+6 Dex+5}

@: lethally poisoned (-10 -> -30)
A: no striking features
a: Renounce Religion


You were on level 1 of the Lair of Beasts.
You worshipped Vehumet.
Vehumet was greatly pleased with you.
You visited 3 branches of the dungeon, and saw 14 of its levels.

You collected 680 gold pieces.
You spent 81 gold pieces at shops.

Inventory:

Hand Weapons
 b - a +9 demon blade of flaming (weapon)
 k - a +0 sling of flaming
 q - the +3 hammer of Joyful Slaughter {freeze, rF++ Str+3}
   (You took it off an orc on level 5 of the Dungeon)

   Str:       It affects your strength (+3).
   rF:        It greatly protects you from fire.
Missiles
 r - 2 throwing nets
Armour
 a - a +2 robe of willpower
 c - a +1 hat (worn)
 j - a +0 cloak (worn)
 o - a +1 pair of gloves (worn)
 B - +0 steam dragon scales (worn)
Magical Staves
 f - a staff of death
Jewellery
 h - a ring of protection from cold
 n - an amulet of the acrobat (around neck)
 u - the ring "Solot" (right hand) {Int+6 Dex+5}
   (You found it on level 4 of the Dungeon)

   [ring of intelligence]

   Int:       It affects your intelligence (+6).
   Dex:       It affects your dexterity (+5).
 w - a +4 ring of protection (left hand)
 y - an amulet of magic regeneration
 F - a ring of magical power
 G - a ring of willpower
Wands
 m - a wand of mindburst (10)
 C - a wand of iceblast (5)
 D - a wand of paralysis (4)
 I - a wand of polymorph (3)
 L - a wand of flame (5)
Scrolls
 l - a scroll of teleportation
 H - a scroll of enchant weapon
 K - a scroll of identify
Potions
 d - 2 potions of magic
 e - 7 potions of lignification
 g - 2 potions of haste
 i - 2 potions of flight
 p - 4 potions of mutation
 s - 2 potions of attraction
 t - a potion of ambrosia
 x - a potion of brilliance
 z - a potion of berserk rage
 A - 4 potions of might
 J - a potion of invisibility
 M - a potion of cancellation


   Skills:
 - Level 7.1 Fighting
 - Level 5.0 Long Blades
 - Level 2.5 Ranged Weapons
 - Level 9.7 Dodging
 - Level 2.4 Stealth
 - Level 15.0 Spellcasting
 - Level 12.3 Conjurations
 - Level 5.8 Hexes
 - Level 1.1 Summonings
 - Level 9.3 Necromancy
 - Level 2.7 Translocations
 + Level 4.9 Transmutations
 - Level 2.2 Air Magic
 * Level 4.3 Earth Magic
 - Level 2.4 Poison Magic
 - Level 6.1 Evocations


You had 10 spell levels left.
You knew the following spells:

 Your Spells              Type           Power      Damage    Failure   Level
a - Magic Dart            Conj           100%       1d8       0%          1
b - Blink                 Tloc           80%        N/A       1%          2
c - Searing Ray           Conj           100%       2d8       0%          2
d - Fulminant Prism       Conj/Hex       34%        3d15      1%          4
e - Mephitic Cloud        Conj/Pois/Air  55%        N/A       1%          3
f - Poisonous Vapours     Pois/Air       74%        N/A       1%          2
g - Dispel Undead         Necr           69%        3d23      1%          4
h - Irradiate             Conj/Tmut      33%        3d22      1%          5
i - Flame Wave            Conj/Fire      57%        2d14      1%          4
j - Statue Form           Tmut/Erth      34%        N/A       41%         6

Your spell library contained the following spells:

 Spells                   Type           Power      Damage    Failure   Level
 Frozen Ramparts          Ice            46%        1d7       1%          3
 Slow                     Hex            100%       N/A       1%          1
 Call Imp                 Summ           30%        N/A       1%          2
 Cigotuvi's Dreadful Rot  Necr/Pois/Air  100%       N/A       1%          2
 Scorch                   Fire           46%        2d7       1%          2
 Sublimation of Blood     Necr           69%        N/A       1%          2
 Petrify                  Tmut/Erth      51%        N/A       3%          4
 Death Channel            Necr           34%        N/A       6%          6
 Metabolic Englaciation   Hex/Ice        20%        N/A       16%         5
 Summon Cactus Giant      Summ           15%        N/A       88%         6


Dungeon Overview and Level Annotations

Branches:
Dungeon (12/15)            Temple (1/1) D:6            Lair (1/5) D:9
    Orc (0/2) D:10

Altars:
Ashenzari
Cheibriados
Dithmenos
Elyvilon
Fedhas
Gozag
Hepliaklqana
Kikubaaqudgha
Makhleb
Nemelex Xobeh
Okawaru
Qazlal
Ru
Sif Muna
Trog
Uskayaw
Vehumet
Wu Jian
Xom
Yredelemnul
Zin
The Shining One

Shops:
D:4 [   D:10 [

Portals:
Trove: D:11 (show abyssal rune of Zot)


Message History

The cane toad stings you but does no damage.
You slash the cane toad! You burn the cane toad.
The cane toad is moderately wounded.
The wolf is engulfed in noxious fumes.
The wolf appears confused.
The cane toad stings you!
You are poisoned.
The cane toad poisons you! The cane toad closely misses you.
You slash the cane toad! You burn the cane toad.
The cane toad is heavily wounded.
You feel very sick.
The wolf closely misses the water moccasin.
The wolf misses the water moccasin.
The cane toad stings you! x2
You are lethally poisoned!
The cane toad poisons you!
You feel better. The cane toad stings you!
You are poisoned.
The cane toad poisons you!
The wolf bites the cane toad but does no damage.
The cane toad stings you!
* * * LOW HITPOINT WARNING * * *
The cane toad stings you!
* * * LOW HITPOINT WARNING * * *
Okay, then.
You feel much better.
You feel very sick.
The wolf bites the cane toad!
The cane toad stings you!
* * * LOW HITPOINT WARNING * * *
You are lethally poisoned!
The cane toad poisons you!
A yak comes into view.
The wolf closely misses the cane toad.
The wolf barely misses the cane toad.
The cane toad closely misses you.
The cane toad stings you but does no damage.
Okay, then.
As you read the scroll of summoning, it crumbles to dust.
Wisps of shadow whirl around you...
* * * LOW HITPOINT WARNING * * *
You feel very sick. The cane toad closely misses you.
The cane toad stings you!!
You die...

#..###...#..#.#
#..###........#..
~##
#.#...#.####..#..
.. . #.##.####
.... .. #.#..#
.#.#.# ##.# ..h..
# #..# ###...#
..#..# ####F#FSh#
#.#.## ##..FF@F#
#.#.# #.F#F####
#.#.## ##.###
#....## #.#
#.....# ##.##
##.....###...#####
#................#
##.....###....##.#
#..#...##........


You could see 2 cane toads, a water moccasin, 2 wolves, 4 friendly blink frogs
and a friendly bullfrog (summoned).

Vanquished Creatures
  Gastronok (D:7)
  A broodmother (shapeshifter) (D:11)
  An entropy weaver (D:12)
  An ogre mage (D:11)
  Erica (D:9)
  A boulder beetle (D:12)
  4 two-headed ogres
  A catoblepas (D:11)
  3 fire crabs (D:12)
  Pikel (D:6)
  3 deep elf pyromancers
  4 manticores
  3 cyclopes
  Joseph (D:8)
  A water nymph (shapeshifter) (D:11)
  A gargoyle (D:11)
  An efreet (D:11)
  2 unseen horrors (D:12)
  A komodo dragon (D:11)
  4 kobold demonologists
  5 trolls
  Prince Ribbit (D:6)
  3 hornets
  The ghost of M4edhros the Sneak, an amateur OpDe (D:7)
  A centaur simulacrum (D:11)
  A slime creature (D:11)
  A wraith (D:11)
  A vampire (D:11)
  Sigmund (D:3)
  10 yaks
  Eustachio (D:5)
  A wyvern (D:11)
  A basilisk (D:11)
  3 steam dragons
  Grum (D:7)
  6 vampire mosquitoes (D:12)
  Menkaure (D:5)
  5 acid dragons
  Edmund (D:6)
  Duvessa (D:6)
  2 water moccasins
  5 orc warriors
  2 sky beasts
  A black bear (D:6)
  7 wolves
  4 centaurs
  3 lemures (D:6)
  7 kobold brigands
  A phantom (D:5)
  3 scorpions
  A necrophage (D:8)
  A bullfrog (D:8)
  7 wights
  Dowan (D:6)
  12 killer bees (D:9)
  6 howler monkeys (D:11)
  10 electric eels
  9 hounds
  2 jellies
  9 orc priests
  Crazy Yiuf (D:5)
  Jessica (D:2)
  Terence (D:2)
  Ijyb (D:5)
  3 iguanas
  15 orc wizards
  10 adders
  A shadow imp (D:6)
  2 white imps
  An ufetubus (D:5)
  4 dart slugs
  39 orcs
  5 endoplasms
  5 giant cockroaches
  11 goblins
  6 hobgoblins
  8 jackals
  5 quokkas
  7 ball pythons
  7 bats
  A frilled lizard (D:3)
  25 kobolds
  10 rats
  A fulminant prism (D:10)
345 creatures vanquished.

Vanquished Creatures (others)
  Maurice (D:8)
  27 fulminant prisms
  10 fungi
  3 plants (Lair:1)
41 creatures vanquished.

Grand Total: 386 creatures vanquished

Notes
Turn   | Place    | Note
-------+----------+-------------------------------------------
     0 | D:1      | Ijustatesigmund the Deep Elf Hedge Wizard began the quest
                  | for the Orb.
     0 | D:1      | Reached XP level 1. HP: 10/10 MP: 7/7
   653 | D:1      | Reached XP level 2. HP: 15/15 MP: 6/9
   682 | D:1      | Learned a level 2 spell: Blink
  1320 | D:1      | Reached XP level 3. HP: 19/19 MP: 9/11
  1579 | D:2      | Learned a level 2 spell: Searing Ray
  1601 | D:2      | Reached skill level 5 in Spellcasting
  1606 | D:2      | Noticed Jessica
  1612 | D:2      | Killed Jessica
  1613 | D:2      | Reached skill level 1 in Ranged Weapons
  1808 | D:2      | Reached XP level 4. HP: 24/24 MP: 11/13
  2209 | D:2      | Noticed Terence
  2226 | D:2      | Killed Terence
  2757 | D:2      | Found a glowing golden altar of the Shining One.
  2770 | D:2      | Identified a scroll of acquirement
  2770 | D:2      | Acquired a +7 demon blade of flaming
  2993 | D:3      | Reached XP level 5. HP: 27/28 MP: 15/15
  3084 | D:3      | Noticed Sigmund
  3095 | D:3      | Killed Sigmund
  3096 | D:3      | Reached skill level 1 in Long Blades
  3096 | D:3      | Reached skill level 6 in Spellcasting
  3096 | D:3      | Reached XP level 6. HP: 18/32 MP: 17/17
  3527 | D:4      | Found Luezogerch's Antique Armour Shop.
  3561 | D:4      | Bought an embroidered robe for 81 gold pieces
  4005 | D:4      | Identified the ring "Solot" {Int+6 Dex+5}
  4136 | D:5      | Entered Level 5 of the Dungeon
  4195 | D:5      | Noticed a sky beast
  4205 | D:5      | Killed a sky beast
  4206 | D:5      | Reached skill level 7 in Spellcasting
  4206 | D:5      | Reached XP level 7. HP: 18/36 MP: 17/19
  4299 | D:5      | Noticed Menkaure
  4445 | D:5      | Killed Menkaure
  4446 | D:5      | Reached skill level 5 in Conjurations
  4541 | D:5      | Noticed Eustachio
  4561 | D:5      | Killed Eustachio
  4562 | D:5      | Reached skill level 1 in Fighting
  4562 | D:5      | Reached skill level 8 in Spellcasting
  4642 | D:5      | Noticed Ijyb
  4695 | D:5      | Killed Ijyb
  4696 | D:5      | Reached XP level 8. HP: 44/44 MP: 17/22
  4833 | D:5      | Identified the +3 hammer of Joyful Slaughter {freeze, rF++
                  | Str+3}
  4975 | D:5      | Found a runed translucent door.
  4976 | D:5      | Noticed Crazy Yiuf
  5139 | D:6      | Noticed Prince Ribbit
  5139 | D:6      | Noticed Pikel
  5167 | D:6      | Killed Prince Ribbit
  5794 | D:6      | Learned a level 4 spell: Fulminant Prism
  5813 | D:6      | Noticed Dowan
  5820 | D:6      | Noticed Duvessa
  5825 | D:6      | Killed Dowan
  5831 | D:6      | Killed Duvessa
  5832 | D:6      | Reached skill level 9 in Spellcasting
  5832 | D:6      | Reached skill level 1 in Hexes
  6082 | D:6      | Reached XP level 9. HP: 51/51 MP: 20/24
  6118 | D:6      | Noticed Edmund
  6133 | D:6      | Killed Edmund
  6563 | D:6      | Killed Pikel
  6635 | D:6      | Reached skill level 10 in Spellcasting
  6940 | D:6      | Reached skill level 5 in Hexes
  7249 | D:6      | Found a staircase to the Ecumenical Temple.
  7332 | Temple   | Entered the Ecumenical Temple
  7534 | Temple   | Became a worshipper of Vehumet
  7883 | D:7      | Learned a level 3 spell: Mephitic Cloud
  8440 | D:7      | Found a runed translucent door.
  8440 | D:7      | Noticed M4edhros's ghost (amateur OpDe)
  8456 | D:7      | Reached skill level 1 in Air Magic
  8456 | D:7      | Reached skill level 1 in Poison Magic
  8991 | D:7      | Found a glowing silver altar of Zin.
  9065 | D:7      | Killed M4edhros's ghost
  9066 | D:7      | Reached XP level 10. HP: 52/56 MP: 26/26
  9197 | D:5      | Killed Crazy Yiuf
  9202 | D:5      | Identified the +0 hammer of Ravage {heavy, Will+}
  9344 | D:4      | Reached * piety under Vehumet
  9344 | D:4      | Offered knowledge of Sandblast by Vehumet.
  9645 | D:8      | Noticed Grum
  9645 | D:8      | Noticed Gastronok
  9649 | D:8      | Reached skill level 11 in Spellcasting
  9839 | D:7      | Killed Grum
 10131 | D:8      | Noticed Joseph
 11012 | D:8      | Killed Joseph
 11013 | D:8      | Reached skill level 5 in Dodging
 11253 | D:7      | Killed Gastronok
 11254 | D:7      | Reached skill level 12 in Spellcasting
 11392 | D:8      | Noticed Maurice
 11398 | D:8      | Killed Maurice
 12065 | D:8      | Reached XP level 11. HP: 62/62 MP: 17/29
 12130 | D:9      | Reached skill level 5 in Fighting
 12325 | D:8      | Offered knowledge of Foxfire by Vehumet.
 12559 | D:8      | Reached ** piety under Vehumet
 12651 | D:9      | Noticed a two-headed ogre
 12670 | D:8      | Killed a two-headed ogre
 12671 | D:8      | Reached skill level 10 in Conjurations
 12894 | D:9      | Noticed Erica
 13046 | D:9      | Killed Erica
 13997 | D:9      | Found an iron altar of Okawaru.
 14057 | D:9      | Reached skill level 13 in Spellcasting
 14149 | D:9      | Noticed a soul eater
 14347 | D:9      | Found a staircase to the Lair.
 14669 | D:10     | Entered Level 10 of the Dungeon
 15089 | D:10     | Offered knowledge of Poisonous Vapours by Vehumet.
 15098 | D:10     | Learned a level 2 spell: Poisonous Vapours
 15136 | D:10     | Found Ubuawum's Antique Armour Boutique.
 15153 | D:10     | Noticed a two-headed ogre
 15160 | D:10     | Killed a two-headed ogre
 15288 | D:10     | Reached *** piety under Vehumet
 15356 | D:10     | Found a staircase to the Orcish Mines.
 15366 | D:10     | Noticed a two-headed ogre
 15372 | D:10     | Killed a two-headed ogre
 15796 | D:10     | Found a broken altar of Ashenzari.
 15796 | D:10     | Found a basalt altar of Yredelemnul.
 15797 | D:10     | Found a bloodstained altar of Trog.
 16183 | D:11     | Found a portal to a secret trove of treasure.
 16275 | D:11     | Offered knowledge of Hailstorm by Vehumet.
 16417 | D:11     | Reached skill level 14 in Spellcasting
 16707 | D:11     | Paralysed by a centaur for 4 turns
 16769 | D:11     | Learned a level 4 spell: Dispel Undead
 16775 | D:11     | Learned a level 5 spell: Irradiate
 16790 | D:11     | Reached XP level 12. HP: 70/70 MP: 32/32
 16791 | D:11     | Reached skill level 5 in Long Blades
 16791 | D:11     | Reached XP level 13. HP: 76/76 MP: 33/33
 16963 | D:11     | Noticed a broodmother
 16989 | D:11     | Killed a broodmother
 16990 | D:11     | Reached XP level 14. HP: 65/82 MP: 25/34
 17455 | D:11     | Reached skill level 1 in Transmutations
 17757 | D:11     | Reached skill level 5 in Evocations
 18478 | D:11     | Learned a level 4 spell: Flame Wave
 19030 | D:12     | Reached **** piety under Vehumet
 19258 | D:12     | Offered knowledge of Frozen Ramparts by Vehumet.
 19259 | D:12     | Reached skill level 15 in Spellcasting
 19416 | D:12     | Learned a level 6 spell: Statue Form
 19447 | D:12     | Reached skill level 1 in Earth Magic
 19530 | D:12     | Found a blossoming altar of Fedhas.
 19646 | D:12     | Found a runed translucent door.
 21176 | Lair:1   | Entered Level 1 of the Lair of Beasts
 21307 | Lair:1   | Mangled by a cane toad

Illustrated notes

Levels and vault maps discovered:
D:1:      dpeg_arrival_more_subterranean_lakeside_camping, layout_rooms
D:2:      kennysheep_six_static_rooms, layout_basic, basic_altar, uniq_jessica,
          uniq_terence
D:3:      layout_rooms, item_on_display_a, uniq_sigmund
D:4:      old_forge, layout_basic, serial_shops, nicolae_shop_advertising_works
          [nicolae_subvault_shop_adworks], hangedman_decor_points
D:5:      layout_cave_pools, serial_column_ruins, column_ruins_hut_ruined,
          column_ruins_circle_medium, column_ruins_columns_straight,
          column_ruins_grid_1, column_ruins_grid_1, column_ruins_open_tiny,
          chequers_serial_rivers_small_a, uniq_ijyb, uniq_menkaure,
          uniq_eustachio, uniq_crazy_yiuf_cottage
D:6:      cheibrodos_fzero, layout_loops_ring, minmay_temple_entry_proselytizer,
          uniq_pikel, uniq_duvessa, uniq_prince_ribbit1, uniq_edmund
D:7:      layout_basic, zin_treasury, hellmonk_ghost_happy_afterlife,
          minivault_4, dk_vineyard_2
D:8:      layout_rooms, uniq_joseph, uniq_grum, uniq_gastronok, uniq_maurice
D:9:      layout_basic, lemuel_crystal_altar, erik_lair_island,
          statue_in_the_mist_lemuel, uniq_erica
D:10:     nicolae_moon_pools, layout_cave_pools, gammafunk_temple_overflow_claw,
          orc_0_dummy, serial_shops, nicolae_shop_behind_doors
D:11:     minmay_the_grid_triangle_9x9_line_8_mashed
          [minmay_the_grid_triangle_9x9_swiss_cheese,
          minmay_the_grid_triangle_9x9_longest,
          minmay_the_grid_triangle_9x9_warning,
          minmay_the_grid_triangle_9x9_wacky_v,
          minmay_the_grid_triangle_9x9_zippers_vertical,
          minmay_the_grid_triangle_9x9_empty,
          minmay_the_grid_triangle_9x9_dagger,
          minmay_the_grid_triangle_9x9_prize_insulated], layout_basic,
          enter_trove_0
D:12:     gammafunk_mikee_crab_dinner, layout_basic, fedhas_altar_2
Temple:   bh_familiar_temple
Lair:1:   layout_loops_ring, hangedman_lair_generics_rect, serial_bayou_shore_b,
          grunt_megastairs_4

Skill      XL: |  1  2  3  4  5  6  7  8  9 10 11 12 13 14 |
---------------+-------------------------------------------+-----
Dodging        | 3 4 6 8 9 |  9.7
Conjurations   | 2 3 4 5 7 8 9 11 12 | 12.3
Spellcasting   | 5 6 7 8 9 10 12 14 15 | 15.0
Ranged Weapons | 1 2 |  2.5
Long Blades    | 1 2 3 5 |  5.0
Fighting       | 1 3 4 6 7 |  7.1
Translocations | 2 |  2.7
Hexes          | 2 5 |  5.8
Evocations     | 3 4 6 |  6.1
Air Magic      | 1 2 |  2.2
Poison Magic   | 1 2 |  2.4
Necromancy     | 9 |  9.3
Transmutations | 4 |  4.9
Earth Magic    | 4 |  4.3
Stealth        | |  2.4
Summonings     | |  1.1

Action                     |  1- 3 |  4- 6 |  7- 9 | 10-12 | 13-15 || total
---------------------------+-------+-------+-------+-------+-------++-------
  Melee: Short sword       |     7 |    15 |       |       |       ||    22
         Demon blade       |       |    68 |   147 |   194 |   100 ||   509
         Punch             |       |     2 |     1 |     2 |     1 ||     6
   Fire: Sling             |     2 |     3 |       |       |       ||     5
   Cast: Magic Dart        |    80 |    32 |    47 |   110 |    19 ||   288
         Searing Ray       |       |     6 |    34 |    43 |    28 ||   111
         Blink             |       |     1 |     2 |     6 |     1 ||    10
         Fulminant Prism   |       |       |     5 |    12 |    11 ||    28
         Mephitic Cloud    |       |       |       |    28 |    30 ||    58
         Poisonous Vapours |       |       |       |    22 |    46 ||    68
         Irradiate         |       |       |       |       |     2 ||     2
         Dispel Undead     |       |       |       |       |     1 ||     1
  Evoke: Wand              |       |       |     2 |     7 |     9 ||    18
    Use: Scroll            |     2 |    12 |     5 |     8 |    10 ||    37
         Potion            |       |     1 |     6 |     3 |     3 ||    13
   Stab: Sleeping          |       |     2 |     1 |     1 |       ||     4
         Distracted        |       |       |     1 |     1 |       ||     2
         Confused          |       |       |       |     6 |     4 ||    10
         Paralysed         |       |       |       |     2 |       ||     2
 Armour: Robe              |     2 |    18 |    64 |     1 |       ||    85
         Steam dragon scal |       |       |       |    54 |    45 ||    99
  Dodge: Dodged            |    12 |    81 |   153 |   263 |   135 ||   644

Table legend: (Time is in decaauts)
 A = Elapsed time spent in this place.
 B = Non-inter-level travel time spent in this place.
 C = Inter-level travel time spent in this place.
 D = Time resting spent in this place.
 E = Time spent auto-exploring this place.
 F = Levels seen in this place.
 G = Mean time per level.
                   A        B        C        D        E       F      G
               +--------+--------+--------+--------+--------+-----+--------+
         Total |  21398 |  20668 |    730 |  10424 |   7331 |  14 | 1528.4 |
       Dungeon |  21046 |  20336 |    710 |  10424 |   7067 |  12 | 1753.8 |
        Temple |    220 |    202 |     18 |      0 |    153 |   1 |  220.0 |
          Lair |    131 |    131 |      0 |      0 |    111 |   1 |  131.0 |
               +--------+--------+--------+--------+--------+-----+--------+

Top non-repeatable levels by time:
     D:7: 2986 daAuts
    D:11: 2558 daAuts
    D:12: 2526 daAuts
     D:6: 2258 daAuts
     D:9: 1989 daAuts
     D:1: 1820 daAuts
     D:8: 1639 daAuts
     D:5: 1411 daAuts
    D:10: 1190 daAuts
     D:2: 1170 daAuts
     D:4: 1021 daAuts
     D:3: 472 daAuts
  Temple: 220 daAuts
  Lair:1: 131 daAuts
